 Dungeon Crawl Stone Soup version 0.17.0-57-g0e89251 (console) character file.

189 Kloppie the Conjurer (level 5, 0/38 HPs)
             Began as a Draconian Conjurer on Dec 7, 2015.
             Succumbed to an adder's poison
             ... while paralysed by Grinder
             ... on level 3 of the Dungeon.
             The game lasted 00:05:02 (3032 turns).

Kloppie the Conjurer (Draconian Conjurer)           Turns: 3032, Time: 00:05:02

Health: 0/38       AC:  6    Str: 10    XL:     5   Next: 40%
Magic:  4/10       EV:  2    Int: 16    God:
Gold:   130        SH:  0    Dex: 12    Spells: 3 memorised, 4 levels left

rFire  . . .     SeeInvis .     d - +0 hand axe (elec)
rCold  . . .     Clarity  .     (armour unavailable)
rNeg   . . .     SustAt   .     (no shield)
rPois  .         Gourm    .     (helmet restricted)
rElec  .         Spirit   .     (no cloak)
rCorr  .         Warding  .     r - +0 pair of gloves
rMut   .         Stasis   .     (no boots)
MR     .....                    (no amulet)
Stlth  ++........               (no ring)
                                (no ring)

@: paralysed, lethally poisoned (0 -> -3), not resistant to hostile
enchantments, unstealthy
A: unfitting armour, cold-blooded, AC +5
a: no special abilities


You were on level 3 of the Dungeon.
You were not hungry.

You visited 1 branch of the dungeon, and saw 3 of its levels.

You collected 130 gold pieces.

Inventory:

Hand Weapons
 d - a +0 hand axe of electrocution (weapon)
Armour
 r - a +0 pair of gloves (worn)
Jewellery
 l - a cursed -3 ring of protection {unknown}
 u - an uncursed amulet of faith {unknown}
Wands
 q - a wand of digging (7)
Scrolls
 c - a scroll of identify {unknown}
 e - a scroll of fear {unknown}
 f - 3 scrolls of remove curse {unknown}
 g - a scroll of enchant armour {unknown}
 i - 2 scrolls of blinking {unknown}
 o - a scroll of random uselessness {unknown}
 s - a scroll of magic mapping {unknown}
Potions
 h - a potion of might {unknown}
 k - a potion of brilliance {unknown}
 m - 2 potions of curing {unknown}
 n - 2 potions of heal wounds {unknown}
 p - a potion of magic {unknown}
 w - a potion of ambrosia {unknown}
Books
 a - a book of Conjurations

   Spells                             Type                      Level
   a - Magic Dart                     Conjuration                  1
   b - Searing Ray                    Conjuration                  2
   c - Dazzling Spray                 Conjuration/Hexes            3
   d - Fulminant Prism                Conjuration/Hexes            4
   e - Iskenderun's Mystic Blast      Conjuration                  4
   f - Iskenderun's Battlesphere      Conjuration/Charms           5
Comestibles
 b - 3 bread rations
 j - a meat ration
 t - a royal jelly
 v - 2 chunks of flesh


   Skills:
 - Level 1.7 Dodging
 - Level 1.7 Stealth
 + Level 3.9 Spellcasting
 + Level 5.5 Conjurations


You had 4 spell levels left.
You knew the following spells:

 Your Spells              Type           Power        Failure   Level  Hunger
a - Magic Dart            Conj           ###.         1%          1    None
b - Searing Ray           Conj           ###...       2%          2    ##.....
c - Iskenderun's Mystic   Conj           ###.....     17%         4    ####...


Dungeon Overview and Level Annotations

Branches:
Dungeon (3/15)

Altars:
Ashenzari

Annotations:
D:3 Grinder


Innate Abilities, Weirdness & Mutations

Your plain brown scales are hard (AC +5).
Your body does not fit into most forms of armour.
You are cold-blooded and may be slowed by cold attacks.


Message History

a falchion; a flail; a leather armour; an orc corpse; an orc corpse The orc wizard mumbles some strange words.
The orc wizard seems to speed up.
Grinder gestures.
Grinder blinks!
Things that are here:
a flail; an orc corpse You hit Grinder but do no damage.
Your tail-slap misses Grinder.
You feel sick.
The orc wizard points at you and mumbles some strange words.
You resist with some effort. Grinder gestures at you.
You suddenly lose the ability to move!
The orc wizard mumbles some strange words.
The orc wizard blinks!
Grinder hits you.
* * * LOW HITPOINT WARNING * * *
You writhe in agony.
* * * LOW HITPOINT WARNING * * *
The orc wizard casts a spell.
The orc wizard blinks!
You die...

## ###. ...# ##.. # .#
#.# #.# #.#
#.##.#.############
....###...o.5@).†.#
####.##.#.##########.#
...........######## .#
.....###.#....).... .#
###..###.##..)..... .#
#..........####.. #
#.####.##..# ###.#
#)##..# ..... #.##..#


You could see Grinder and an orc wizard.

Vanquished Creatures
  Ijyb (D:3)
  Jessica (D:3)
  5 adders
  An ooze (D:2)
  A worm (D:2)
  4 giant geckos
  5 orcs (D:3)
  13 bats
  2 giant cockroaches
  5 hobgoblins
  4 quokkas
  2 ball pythons (D:2)
  5 giant newts
  7 goblins
  8 jackals (D:2)
  6 kobolds
  8 rats
78 creatures vanquished.

Notes
Turn   | Place    | Note
--------------------------------------------------------------
     0 | D:1      | Kloppie the Draconian Conjurer began the quest for the Orb.
     0 | D:1      | Reached XP level 1. HP: 14/14 MP: 3/3
   329 | D:1      | Reached XP level 2. HP: 20/20 MP: 0/5
   388 | D:1      | Learned a level 2 spell: Searing Ray
   826 | D:2      | Found a shattered altar of Ashenzari.
  1000 | D:2      | Reached XP level 3. HP: 18/26 MP: 0/7
  1946 | D:2      | Reached XP level 4. HP: 33/33 MP: 6/8
  2286 | D:3      | Noticed Jessica
  2299 | D:3      | Killed Jessica
  2299 | D:3      | Reached skill level 5 in Conjurations
  2513 | D:3      | Learned a level 4 spell: Iskenderun's Mystic Blast
  2515 | D:3      | Noticed Ijyb
  2538 | D:3      | Killed Ijyb
  2538 | D:3      | Reached XP level 5. HP: 28/38 MP: 3/10
  3006 | D:3      | Noticed Grinder
  3030 | D:3      | Paralysed by Grinder for 7 turns
  3031 | D:3      | HP: 1/38 [Grinder (3)]
  3032 | D:3      | Succumbed to an adder's poison

Action                   |  1- 3 |  4- 6 || total
-------------------------+-------+-------++-------
Melee: Unarmed           |     5 |       ||     5
       Hand axe          |    36 |    54 ||    90
 Cast: Magic Dart        |    67 |    32 ||    99
       Searing Ray       |     1 |     3 ||     4
 Stab: Sleeping          |     1 |       ||     1
  Eat: Chunk             |     4 |     3 ||     7
